 Dungeon Crawl Stone Soup version 0.17-a0-1636-g3119f2b (webtiles) character file.

580 Kidiri the Shield-Bearer (level 7, -1/39 HPs)
             Began as a Gargoyle Fighter on Aug 5, 2015.
             Was an Initiate of Okawaru.
             Slain by an ogre
             ... wielding a +0 giant spiked club
              (15 damage)
             ... on level 4 of the Dungeon.
             The game lasted 00:16:04 (4678 turns).

Kidiri the Shield-Bearer (Gargoyle Fighter)         Turns: 4678, Time: 00:16:04

Health: -1/39      AC: 11    Str: 21    XL:     7   Next: 36%
Magic:  7/7        EV:  6    Int:  8    God:    Okawaru [......]
Gold:   147        SH:  9    Dex:  8    Spells: 0 memorised, 6 levels left

rFire  . . .     SeeInvis .     f - +0 iron rod (curse) (3/9)
rCold  . . .     Rnd*Rage +     l - +0 chain mail (curse)
rNeg   + . .     SustAt   .     c - +0 shield
rPois  ∞         Gourm    .     h - +0 helmet
rElec  +         Spirit   .     (no cloak)
rCorr  .         Warding  .     (no gloves)
rMut   .         Stasis   .     (no boots)
MR     .....                    g - amulet of regeneration
Stlth  ..........               (no ring)
                                m - ring of flight

@: not resistant to hostile enchantments, extremely unstealthy
A: berserk 1, blurry vision 1, clumsy 1, deformed body, frail 1, negative energy
resistance 1, electricity resistance, unbreathing, petrification resistance, rot
immunity, AC +4
a: Renounce Religion, Evoke Flight


You were on level 4 of the Dungeon.
You worshipped Okawaru.
Okawaru was noncommittal.
You were very hungry.

You visited 1 branch of the dungeon, and saw 4 of its levels.

You collected 147 gold pieces.

Inventory:

Hand weapons
 a - a +0 flail
 b - a +4 flail of holy wrath
 d - a +3 flail of venom
Armour
 c - a +0 shield (worn)
 h - a +0 helmet (worn)
 l - a cursed +0 chain mail (worn)
Rods
 f - a cursed +0 iron rod (3/9) (weapon)
   (You found it on level 2 of the Dungeon)
Jewellery
 g - an amulet of regeneration (around neck)
 m - a ring of flight (left hand)
Scrolls
 n - 3 scrolls of teleportation
Potions
 e - a potion of curing
Comestibles
 i - 2 chunks of flesh
 k - 4 fruits
 o - a meat ration


   Skills:
 + Level 4.3 Fighting
 * Level 4.3 Maces & Flails
 * Level 4.9 Armour
 + Level 1.9 Dodging
 * Level 5.2 Shields
 + Level 1.0 Invocations
 + Level 1.0 Evocations


You had 6 spell levels left.
You didn't know any spells.

Dungeon Overview and Level Annotations

Branches:
Dungeon (4/15)
 Temple: D:4-7

Altars:
Cheibriados
Nemelex Xobeh
Okawaru
Sif Muna
Trog
Yredelemnul


Innate Abilities, Weirdness & Mutations

You are resistant to torment.
Your stone body is resilient (AC +4).
You are immune to poison.
You resist negative energy.
You are resistant to electric shocks.
You can survive without breathing.
You are immune to petrification.
You are immune to rotting.
You tend to lose your temper in combat.
Scrolls take you a little longer to read.
You are clumsy. (Dex -2)
Armour fits poorly on your strangely shaped body.
You are frail (-10% HP).


Message History

The ogre hits you with a giant spiked club.
Your chain mail prevents you from hitting the ogre.
The ogre is severely wounded.
The orc hits you but does no damage.
You hit the ogre but do no damage.
The ogre is severely wounded.
The ogre hits you with a giant spiked club!
* * * LOW HITPOINT WARNING * * *
The orc hits you but does no damage.
You are too injured to fight recklessly!
You are too injured to fight recklessly!
You are too injured to fight recklessly!
As you open the door, it creaks loudly! You block the ogre's attack.
The orc hits you but does no damage.
There is an open door here.
You are feeling very hungry.
You barely miss the ogre.
The ogre is severely wounded.
The ogre hits you with a giant spiked club!
You die...

.................................
>................................
.................................
.................................
..................[..............
.................................
.................................
...............###...............
................@Oo............>.
................##...............
................####..........###
.....#####......# ###...........
.....### #......######...........
.)...... +..........####.##......
........ #...#......#....###.....
........ #.......................
........ ####....................


You could see an ogre and an orc.

Vanquished Creatures
  Edmund (D:4)
  Ijyb (D:2)
  A hound (D:4)
  2 orc wizards (D:3)
  2 orc priests
  A giant frog skeleton (D:4)
  3 worker ants (D:4)
  Robin (D:2)
  4 gnolls
  4 adders
  2 oozes (D:3)
  3 worms
  5 giant geckos
  9 orcs
  A ball python (D:4)
  3 giant cockroaches
  10 goblins
  13 hobgoblins
  6 jackals
  A quokka (D:2)
  14 bats
  A giant newt (D:4)
  A jackal skeleton (D:4)
  3 kobolds (D:2)
  9 rats
101 creatures vanquished.

Notes
Turn   | Place    | Note
--------------------------------------------------------------
     0 | D:1      | Kidiri the Gargoyle Fighter began the quest for the Orb.
     0 | D:1      | Reached XP level 1. HP: 14/14 MP: 1/1
   363 | D:1      | Found a snail-covered altar of Cheibriados.
   655 | D:1      | Reached XP level 2. HP: 19/19 MP: 2/2
   968 | D:2      | Noticed Robin
   975 | D:2      | Killed Robin
   975 | D:2      | Reached XP level 3. HP: 16/23 MP: 3/3
  1200 | D:2      | Gained mutation: You are frail (-10% HP). [potion of mutation]
  1200 | D:2      | Gained mutation: You tend to lose your temper in combat. [potion of mutation]
  1228 | D:2      | Found a sparkling altar of Nemelex Xobeh.
  1681 | D:2      | Reached XP level 4. HP: 23/26 MP: 4/4
  1828 | D:2      | Found a faded altar to an unknown god.
  1845 | D:2      | Reached skill level 1 in Dodging
  2473 | D:2      | Reached skill level 4 in Shields
  2574 | D:3      | Noticed Ijyb
  2766 | D:2      | Reached XP level 5. HP: 16/29 MP: 5/5
  2769 | D:2      | Killed Ijyb
  2817 | D:3      | Reached XP level 6. HP: 26/34 MP: 6/6
  2950 | D:3      | Gained mutation: Scrolls take you a little longer to read. [potion of mutation]
  2950 | D:3      | Gained mutation: You are clumsy. (Dex -2) [potion of mutation]
  2950 | D:3      | Gained mutation: Armour fits poorly on your strangely shaped body. [potion of mutation]
  3020 | D:3      | Found a basalt altar of Yredelemnul.
  3751 | D:4      | Found an iron altar of Okawaru.
  3751 | D:4      | Found a bloodstained altar of Trog.
  3765 | D:4      | Became a worshipper of Warmaster Okawaru
  3899 | D:4      | Found a deep blue altar of Sif Muna.
  4132 | D:4      | Noticed Edmund
  4235 | D:4      | Killed Edmund
  4235 | D:4      | Reached skill level 5 in Shields
  4235 | D:4      | Reached XP level 7. HP: 39/39 MP: 7/7
  4556 | D:4      | Reached skill level 1 in Invocations
  4556 | D:4      | Reached skill level 1 in Evocations
  4678 | D:4      | Slain by an ogre

Vault maps used:
D:1:      minmay_arrival_nine_rooms, minmay_misc_feat_enclosed,
          columned_hall_lemuel, cheibriados_altar_1
D:2:      nicolae_overflow_crystal_walls, ecumenical_altar_2, first_bread,
          uniq_robin
D:3:      yredelemnul_altar_generic, uniq_iyjb
D:4:      grunt_temple_overflow_bloody_war, led_sif_pool, uniq_edmund

Action                   |  1- 3 |  4- 6 |  7- 9 || total
-------------------------+-------+-------+-------++-------
Melee: Flail             |    75 |       |       ||    75
       Rod               |    45 |   423 |   108 ||   576
Evoke: Rod               |     2 |     3 |     2 ||     7
  Use: Scroll            |     3 |     5 |       ||     8
       Potion            |     3 |     7 |       ||    10
  Eat: Chunk             |     5 |     7 |     1 ||    13
       Bread ration      |       |     2 |       ||     2
       Beef jerky        |       |       |     1 ||     1
